 Dungeon Crawl Stone Soup version 0.27-a0-1154-gfdeffcb720 (webtiles) character file.

Game seed: 7789835416446407837

1 DasRunzen the Slasher (level 1, 0/17 HPs)
             Began as a Demigod Gladiator on May 14, 2021.
             Killed from afar by a dart slug (1 damage)
             ... with a slug dart
             ... on level 1 of the Dungeon.
             The game lasted 00:00:27 (25 turns).

DasRunzen the Slasher (Demigod Gladiator)             Turns: 25, Time: 00:00:27

Health: 0/17       AC:  4    Str: 15    XL:     1   Next: 13%
Magic:  3/3        EV: 12    Int: 10    God:
Gold:   0          SH:  0    Dex: 15    Spells: 0/0 levels left

rFire    . . .     SeeInvis .   a - +0 long sword
rCold    . . .     Faith    .   (no shield)
rNeg     . . .     Spirit   .   b - +0 leather armour
rPois    .         Reflect  .   c - +0 helmet
rElec    .         Harm     .   (no cloak)
rCorr    .         Rampage  .   (no gloves)
Will     .....                  (no boots)
Stlth    +.........             (no amulet)
HPRegen  0.05/turn              (no ring)
MPRegen  0.08/turn              (no ring)

@: no status effects
A: high mp 1, forlorn
a: no special abilities


You were on level 1 of the Dungeon.
You visited 1 branch of the dungeon, and saw 1 of its levels.

Inventory:

Hand Weapons
 a - a +0 long sword (weapon)
Missiles
 d - 3 throwing nets (quivered)
Armour
 b - a +0 leather armour (worn)
 c - a +0 helmet (worn)
Scrolls
 e - a scroll of fog {unknown}


   Skills:
 + Level 1.8 Fighting
 + Level 2.7 Long Blades
 - Level 1.7 Throwing
 + Level 0.0 Armour
 + Level 2.7 Dodging
 + Level 0.0 Spellcasting


You couldn't memorise any spells.
You didn't know any spells.
Your spell library was empty.

Dungeon Overview and Level Annotations

Branches:
Dungeon (1/15)


Innate Abilities, Weirdness & Mutations

Your attributes grow dramatically as you level up.
You have an increased reservoir of magic. (+10% MP)
You shall have no god before yourself.


Message History

The bat hits you but does no damage. The dart slug launches a dart at you.
The slug dart hits you. The bat closely misses you.
The dart slug launches a dart at you. The slug dart misses you.
Found a ring mail.
The bat barely misses you.
You riposte.
You closely miss the bat. The bat barely misses you.
You riposte.
You closely miss the bat. The dart slug bites you.
You barely miss the bat. The bat misses you. The bat barely misses you.
You riposte.
You hit the bat.
You kill the bat!
The dart slug bites you but does no damage.
You closely miss the hobgoblin. The hobgoblin closely misses you.
You riposte.
You hit the hobgoblin.
The hobgoblin is lightly wounded.
The dart slug launches a dart at you. The slug dart hits you.
You are too injured to fight recklessly!
You are too injured to fight recklessly!
You are too injured to fight recklessly!
You hit the hobgoblin.
The hobgoblin is heavily wounded.
The hobgoblin hits you.
* * * LOW HITPOINT WARNING * * *
You hit the hobgoblin.
The hobgoblin is severely wounded.
The hobgoblin barely misses you. The dart slug barely misses you.
You riposte.
You hit the dart slug.
The dart slug is severely wounded.
The hobgoblin hits you.
* * * LOW HITPOINT WARNING * * *
Unknown command.
You aren't carrying any potions.
Your leather armour prevents you from hitting the dart slug.
The dart slug is severely wounded.
The dart slug launches a dart at you. The slug dart hits you.
You die...

#.##########
#.#....[...#
#.#........#
#..........# #.
#..........#
#..#..........#
#......g.w....#
........@.....##
.....#..........
# .#.
#........## .#
##...........#
#..######...#
#..........#
#####''#####
#8......8#
#§......≈#


You could see a dart slug and a hobgoblin.

Vanquished Creatures
  A bat (D:1)
1 creature vanquished.

Notes
Turn   | Place    | Note
-------+----------+-------------------------------------------
     0 | D:1      | DasRunzen the Demigod Gladiator began the quest for the
                  | Orb.
     0 | D:1      | Reached XP level 1. HP: 17/17 MP: 3/3
    25 | D:1      | Killed from afar by a dart slug

Illustrated notes

Levels and vault maps discovered:
D:1:      lightli_arrival_noodles, layout_basic,
          shapermc_ecumenical_altar_mp_ritualfount, serial_shops, shop, shop,
          amcnicky_mini_pool_small

Action                   || total
-------------------------++-------
Melee: Long sword        ||     6
Armor: Leather armour    ||     3
Dodge: Dodged            ||    11
       Rpst.: Long sword ||     5

Table legend: (Time is in decaauts)
 A = Elapsed time spent in this place.
 B = Non-inter-level travel time spent in this place.
 C = Inter-level travel time spent in this place.
 D = Time resting spent in this place.
 E = Time spent auto-exploring this place.
 F = Levels seen in this place.
 G = Mean time per level.
                   A        B        C        D        E       F      G
               +--------+--------+--------+--------+--------+-----+--------+
         Total |     26 |     26 |      0 |      0 |     11 |   1 |   26.0 |
       Dungeon |     26 |     26 |      0 |      0 |     11 |   1 |   26.0 |
               +--------+--------+--------+--------+--------+-----+--------+

Top non-repeatable levels by time:
     D:1: 26 daAuts
